TOP OF THE 1ST |
Phoenix Hotspur Youth batting - Pitching for Lannister United Lionhearts : RHP Érik Moreau
|
Pitching: RHP Érik Moreau
|
|
Batting: RHB Alberto Ramírez
|
0-0: SINGLE (Groundball, 4MD)
|
Batting: RHB Francisco Arriagada
|
0-0: Ball 1-0: Ball 2-0: Ball 3-0: Base on Balls Alberto Ramírez to second
|
Batting: LHB Phil Mazzeo
|
0-0: Called Strike 0-1: Called Strike 0-2: Strikes out swinging
|
Batting: LHB Carlos Rodríguez
|
0-0: Called Strike 0-1: Ball 1-1: Foul Ball, location: 2F 1-2: Foul Ball, location: 2F 1-2: Grounds out, U3 (Groundball, 3L) Alberto Ramírez to third
|
Batting: RHB Jonas van Claveren
|
0-0: Ball 1-0: Ball 2-0: Ball 3-0: Base on Balls
|
Batting: RHB James Turner
|
0-0: Swinging Strike 0-1: Ball Wild Pitch! Alberto Ramírez scores Francisco Arriagada to third Jonas van Claveren to second 1-1: Fly out, F8 (Flyball, 8RD)
|
Top of the 1st over - 1 run, 1 hit, 0 errors, 2 left on base; Phoenix Hotspur 1 - Lannister United 0 |
BOTTOM OF THE 1ST |
Lannister United Lionhearts batting - Pitching for Phoenix Hotspur Youth : LHP Habakkuk Baldonado
|
Pitching: LHP Habakkuk Baldonado
|
|
Batting: RHB Gonzalo Vásquez
|
0-0: Ball 1-0: Ball 2-0: Ball 3-0: Base on Balls
|
Batting: SHB Gerrie Bond
|
0-0: Ball 1-0: Ball 2-0: Grounds into double play, 5-4-3 (Groundball, 56)
|
Batting: RHB Dejmi Dumervil
|
0-0: Ball 1-0: Called Strike 1-1: Foul Ball, location: 2F 1-2: Ball 2-2: Ground out 6-3 (Groundball, 6M)
|
Bottom of the 1st over - 0 runs, 0 hits, 0 errors, 0 left on base; Phoenix Hotspur 1 - Lannister United 0 |
TOP OF THE 2ND |
Phoenix Hotspur Youth batting - Pitching for Lannister United Lionhearts : RHP Érik Moreau
|
Batting: RHB José Souza
|
0-0: Ball 1-0: Called Strike 1-1: Ball 2-1: Swinging Strike 2-2: Ball 3-2: Strikes out looking
|
Batting: RHB Myles Brundidge
|
0-0: Ball 1-0: Foul Ball, location: 2F 1-1: DOUBLE (Line Drive, 78D)
|
Batting: RHB Braylen Sampson
|
0-0: Called Strike 0-1: Ball 1-1: Called Strike 1-2: Strikes out swinging
|
Batting: RHB Alberto Ramírez
|
0-0: Ball 1-0: Ground out 4-3 (Groundball, 4)
|
Top of the 2nd over - 0 runs, 1 hit, 0 errors, 1 left on base; Phoenix Hotspur 1 - Lannister United 0 |
BOTTOM OF THE 2ND |
Lannister United Lionhearts batting - Pitching for Phoenix Hotspur Youth : LHP Habakkuk Baldonado
|
Batting: RHB Mitsuhide Bando
|
0-0: Swinging Strike 0-1: Ball 1-1: Ball 2-1: Fly out, F7 (Line Drive, 78D)
|
Batting: LHB Dave Watts
|
0-0: Foul Ball, location: 2F 0-1: Called Strike 0-2: Ball 1-2: Ball 2-2: Strikes out swinging
|
Batting: SHB Miklos Elias
|
0-0: Called Strike 0-1: Ball 1-1: Ball 2-1: Swinging Strike 2-2: Ball 3-2: Foul Ball, location: 2F 3-2: Ground out 5-3 (Groundball, 56S)
|
Bottom of the 2nd over - 0 runs, 0 hits, 0 errors, 0 left on base; Phoenix Hotspur 1 - Lannister United 0 |
TOP OF THE 3RD |
Phoenix Hotspur Youth batting - Pitching for Lannister United Lionhearts : RHP Érik Moreau
|
Batting: RHB Francisco Arriagada
|
0-0: Ball 1-0: Called Strike 1-1: Ball 2-1: Ground out 5-3 (Groundball, 56)
|
Batting: LHB Phil Mazzeo
|
0-0: Ball 1-0: Ball 2-0: Ball 3-0: Called Strike 3-1: Foul Ball, location: 2F 3-2: Foul Ball, location: 2F 3-2: Fly out, F9 (Line Drive, 9)
|
Batting: LHB Carlos Rodríguez
|
0-0: Foul Ball, location: 2F 0-1: Ball 1-1: Ball 2-1: Ball 3-1: Foul Ball, location: 2F 3-2: Foul Ball, location: 2F 3-2: Ground out 4-3 (Groundball, 4M)
|
Top of the 3rd over - 0 runs, 0 hits, 0 errors, 0 left on base; Phoenix Hotspur 1 - Lannister United 0 |
BOTTOM OF THE 3RD |
Lannister United Lionhearts batting - Pitching for Phoenix Hotspur Youth : LHP Habakkuk Baldonado
|
Batting: RHB Andy Garnet
|
0-0: Called Strike 0-1: Ball 1-1: Swinging Strike 1-2: SINGLE (Groundball, 25) (infield hit)
|
Batting: RHB Mareka Naidoo
|
0-0: Foul Ball, location: 2F 0-1: Fly out, F9 (Flyball, 89D)
|
Batting: RHB Víctor Murguia
|
0-0: Ball 1-0: Foul Ball, location: 2F 1-1: SINGLE (Line Drive, 56) Andy Garnet to second
|
Batting: RHB Gonzalo Vásquez
|
0-0: Called Strike 0-1: Ball 1-1: Ball 2-1: Swinging Strike 2-2: Ball 3-2: SINGLE (Flyball, 8LS) Andy Garnet to third Víctor Murguia to second Runner from 3rd tries for Home, SAFE, no throw
|
Batting: SHB Gerrie Bond
|
0-0: Ball 1-0: Swinging Strike 1-1: Swinging Strike 1-2: Foul Ball, location: 2F 1-2: Ball 2-2: Reached on error, E5 (Groundball, 56) Víctor Murguia to third Gonzalo Vásquez to second
|
Batting: RHB Dejmi Dumervil
|
0-0: Ball 1-0: Ball 2-0: Foul Ball, location: 2F 2-1: Grounds into double play, 5-4-3 (Groundball, 5)
|
Bottom of the 3rd over - 1 run, 3 hits, 1 error, 2 left on base; Phoenix Hotspur 1 - Lannister United 1 |
TOP OF THE 4TH |
Phoenix Hotspur Youth batting - Pitching for Lannister United Lionhearts : RHP Érik Moreau
|
Batting: RHB Jonas van Claveren
|
0-0: Swinging Strike 0-1: Swinging Strike 0-2: Strikes out swinging
|
Batting: RHB James Turner
|
0-0: Ball 1-0: Called Strike 1-1: Bunt missed! 1-2: Foul Ball, location: 2F 1-2: Foul Ball, location: 2F 1-2: DOUBLE (Line Drive, 8LD)
|
Batting: RHB José Souza
|
0-0: Called Strike James Turner steals 3rd base 0-1: Ball 1-1: Called Strike 1-2: Ball 2-2: Strikes out swinging
|
Batting: RHB Myles Brundidge
|
0-0: Intentional Walk
|
Batting: RHB Braylen Sampson
|
0-0: Ball 1-0: Called Strike 1-1: Foul Ball, location: 2F 1-2: Foul Ball, location: 2F 1-2: Fielders Choice at 2nd, U4 (Groundball, 6MD)
|
Top of the 4th over - 0 runs, 1 hit, 0 errors, 2 left on base; Phoenix Hotspur 1 - Lannister United 1 |
BOTTOM OF THE 4TH |
Lannister United Lionhearts batting - Pitching for Phoenix Hotspur Youth : LHP Habakkuk Baldonado
|
Batting: RHB Mitsuhide Bando
|
0-0: Called Strike 0-1: Ball 1-1: SINGLE (Line Drive, 8LS)
|
Batting: LHB Dave Watts
|
0-0: Ball 1-0: Fly out, F9 (Line Drive, 9)
|
Batting: SHB Miklos Elias
|
0-0: Ball 1-0: Ball 2-0: Swinging Strike 2-1: Ball 3-1: Ground out 5-3 (Groundball, 56S) Mitsuhide Bando to second
|
Batting: RHB Andy Garnet
|
0-0: Ball 1-0: Foul Ball, location: 2F 1-1: Foul Ball, location: 2F 1-2: Ground out 5-3 (Groundball, 56)
|
Bottom of the 4th over - 0 runs, 1 hit, 0 errors, 1 left on base; Phoenix Hotspur 1 - Lannister United 1 |
TOP OF THE 5TH |
Phoenix Hotspur Youth batting - Pitching for Lannister United Lionhearts : RHP Érik Moreau
|
Batting: RHB Alberto Ramírez
|
0-0: SINGLE (Groundball, 6D)
|
Batting: RHB Francisco Arriagada
|
0-0: Ball Alberto Ramírez is caught stealing 2nd base 1-0: Swinging Strike 1-1: Ball 2-1: Fly out, F8 (Flyball, 8RM)
|
Batting: LHB Phil Mazzeo
|
0-0: Ball 1-0: Ball 2-0: Called Strike 2-1: SINGLE (Line Drive, 89M)
|
Pitching: RHP Van Lapointe
|
|
Batting: LHB Carlos Rodríguez
|
0-0: Ball 1-0: Called Strike Phil Mazzeo steals 2nd base 1-1: Ball 2-1: Foul Ball, location: 2F 2-2: Ball 3-2: Fly out, F5 (Popup, 56S)
|
Top of the 5th over - 0 runs, 2 hits, 0 errors, 1 left on base; Phoenix Hotspur 1 - Lannister United 1 |
BOTTOM OF THE 5TH |
Lannister United Lionhearts batting - Pitching for Phoenix Hotspur Youth : LHP Habakkuk Baldonado
|
Batting: RHB Mareka Naidoo
|
0-0: Ball 1-0: SINGLE (Groundball, 25) (infield hit)
|
Batting: RHB Víctor Murguia
|
0-0: Called Strike 0-1: Ball 1-1: Swinging Strike 1-2: Foul Ball, location: 2F 1-2: Foul Ball, location: 2F 1-2: Strikes out looking
|
Batting: RHB Gonzalo Vásquez
|
0-0: Ball 1-0: Foul Ball, location: 2F 1-1: SINGLE (Groundball, 34D) Mareka Naidoo to second Runner from 2nd tries for 3rd, SAFE, no throw
|
Batting: SHB Gerrie Bond
|
0-0: Ball 1-0: Grounds into double play, 4-6-3 (Groundball, 4)
|
Bottom of the 5th over - 0 runs, 2 hits, 0 errors, 1 left on base; Phoenix Hotspur 1 - Lannister United 1 |
TOP OF THE 6TH |
Phoenix Hotspur Youth batting - Pitching for Lannister United Lionhearts : RHP Van Lapointe
|
Batting: RHB Jonas van Claveren
|
0-0: Ball 1-0: Called Strike 1-1: Foul Ball, location: 2F 1-2: Foul Ball, location: 2F 1-2: Ball 2-2: Foul Ball, location: 2F 2-2: Ground out 4-3 (Groundball, 4M)
|
Batting: RHB James Turner
|
0-0: SINGLE (Groundball, 56D)
|
Batting: RHB José Souza
|
0-0: Called Strike 0-1: Foul Ball, location: 2F 0-2: Strikes out swinging
|
Batting: RHB Myles Brundidge
|
0-0: Called Strike James Turner steals 2nd base 0-1: Ball 1-1: Intentional Walk
|
Batting: RHB Braylen Sampson
|
0-0: Ball 1-0: Called Strike 1-1: Fly out, F7 (Line Drive, 7)
|
Top of the 6th over - 0 runs, 1 hit, 0 errors, 2 left on base; Phoenix Hotspur 1 - Lannister United 1 |
BOTTOM OF THE 6TH |
Lannister United Lionhearts batting - Pitching for Phoenix Hotspur Youth : LHP Habakkuk Baldonado
|
Batting: RHB Dejmi Dumervil
|
0-0: Ball 1-0: Ball 2-0: Foul Ball, location: 2F 2-1: Ball 3-1: Base on Balls
|
Batting: RHB Mitsuhide Bando
|
0-0: Ball 1-0: Foul Ball, location: 2F 1-1: DOUBLE (Line Drive, 78D) Dejmi Dumervil to third
|
Batting: LHB Dave Watts
|
0-0: Intentional Walk
|
Batting: SHB Miklos Elias
|
0-0: Called Strike 0-1: Ball 1-1: Ball 2-1: Fly out, F7 (Flyball, 7LM) Runner from 3rd tags up, OUT at HOME Mitsuhide Bando to third Dave Watts to second
|
Batting: RHB Andy Garnet
|
0-0: Fly out, F7 (Flyball, 7S)
|
Bottom of the 6th over - 0 runs, 1 hit, 0 errors, 2 left on base; Phoenix Hotspur 1 - Lannister United 1 |
TOP OF THE 7TH |
Phoenix Hotspur Youth batting - Pitching for Lannister United Lionhearts : RHP Van Lapointe
|
Now in LF: Manny García
|
|
Batting: RHB Alberto Ramírez
|
0-0: Foul Ball, location: 2F 0-1: Swinging Strike 0-2: Ball 1-2: Foul Ball, location: 2F 1-2: Strikes out swinging
|
Batting: RHB Francisco Arriagada
|
0-0: Foul Ball, location: 2F 0-1: Foul Ball, location: 2F 0-2: Ground out 6-3 (Groundball, 6)
|
Batting: LHB Phil Mazzeo
|
0-0: Ball 1-0: Ball 2-0: Ball 3-0: Base on Balls
|
Batting: LHB Carlos Rodríguez
|
0-0: Ball 1-0: Fielders Choice at 2nd, 6-4 (Groundball, 6)
|
Top of the 7th over - 0 runs, 0 hits, 0 errors, 1 left on base; Phoenix Hotspur 1 - Lannister United 1 |
BOTTOM OF THE 7TH |
Lannister United Lionhearts batting - Pitching for Phoenix Hotspur Youth : LHP Habakkuk Baldonado
|
Batting: RHB Mareka Naidoo
|
0-0: Ball 1-0: Foul Ball, location: 2F 1-1: Foul Ball, location: 2F 1-2: Foul Ball, location: 2F 1-2: Fly out, F6 (Popup, 6MS)
|
Batting: RHB Víctor Murguia
|
0-0: Ball 1-0: Ball 2-0: Ball 3-0: Base on Balls
|
Batting: RHB Gonzalo Vásquez
|
0-0: Ball 1-0: Fly out, F6 (Popup, 56)
|
Batting: SHB Gerrie Bond
|
0-0: Swinging Strike 0-1: Called Strike 0-2: Ground out U3 (Groundball, 34S)
|
Bottom of the 7th over - 0 runs, 0 hits, 0 errors, 1 left on base; Phoenix Hotspur 1 - Lannister United 1 |
TOP OF THE 8TH |
Phoenix Hotspur Youth batting - Pitching for Lannister United Lionhearts : RHP Van Lapointe
|
Batting: RHB Jonas van Claveren
|
0-0: Ball 1-0: Swinging Strike 1-1: SINGLE (Groundball, 4MD)
|
Batting: RHB James Turner
|
0-0: Bunted foul 0-1: Ball 1-1: Bunted foul 1-2: Foul Ball, location: 2F 1-2: Foul Ball, location: 2F 1-2: Foul Ball, location: 2F 1-2: Foul Ball, location: 2F 1-2: Foul Ball, location: 2F 1-2: Ball 2-2: Fly out, F7 (Line Drive, 78D)
|
Batting: RHB José Souza
|
0-0: Called Strike Jonas van Claveren steals 2nd base 0-1: Fly out, F7 (Line Drive, 78D)
|
Batting: RHB Myles Brundidge
|
0-0: Intentional Walk
|
Batting: RHB Braylen Sampson
|
0-0: Ball 1-0: Ball 2-0: Ball 3-0: Base on Balls Jonas van Claveren to third Myles Brundidge to second
|
Batting: RHB Alberto Ramírez
|
0-0: Swinging Strike 0-1: SINGLE (Line Drive, 4MD) Jonas van Claveren scores Myles Brundidge to third Braylen Sampson to second Runner from 3rd tries for Home, SAFE, no throw
|
Batting: RHB Francisco Arriagada
|
0-0: Ball 1-0: Ball 2-0: Foul Ball, location: 2F 2-1: Swinging Strike 2-2: Foul Ball, location: 2F 2-2: 3-RUN HOME RUN (Flyball, 7LD), Distance : 344 ft
|
Pitching: RHP Shusaku Kobayashi
|
|
Batting: LHB Phil Mazzeo
|
0-0: Called Strike 0-1: Foul Ball, location: 2F 0-2: Foul Ball, location: 2F 0-2: Strikes out swinging
|
Top of the 8th over - 5 runs, 3 hits, 0 errors, 0 left on base; Phoenix Hotspur 6 - Lannister United 1 |
BOTTOM OF THE 8TH |
Lannister United Lionhearts batting - Pitching for Phoenix Hotspur Youth : LHP Habakkuk Baldonado
|
Now at C: Bill Poole
|
|
Now in RF: Joseph Antoine
|
|
Batting: RHB Manny García
|
0-0: Swinging Strike 0-1: Called Strike 0-2: Ball 1-2: Foul Ball, location: 2F 1-2: Ball 2-2: Ball 3-2: Strikes out swinging
|
Pitching: RHP Coy Mitoglou
|
|
Batting: RHB Mitsuhide Bando
|
0-0: SINGLE (Line Drive, 7S)
|
Batting: LHB Dave Watts
|
0-0: Ball 1-0: Foul Ball, location: 2F 1-1: Fly out, F6 (Popup, 56)
|
Batting: SHB Miklos Elias
|
0-0: Ball 1-0: Called Strike 1-1: Ground out U3 (Groundball, 3S)
|
Bottom of the 8th over - 0 runs, 1 hit, 0 errors, 1 left on base; Phoenix Hotspur 6 - Lannister United 1 |
TOP OF THE 9TH |
Phoenix Hotspur Youth batting - Pitching for Lannister United Lionhearts : RHP Shusaku Kobayashi
|
Batting: LHB Carlos Rodríguez
|
0-0: Ball 1-0: Ball 2-0: Foul Ball, location: 2F 2-1: Called Strike 2-2: Ball 3-2: Ground out 4-3 (Groundball, 4M)
|
Batting: RHB Jonas van Claveren
|
0-0: Called Strike 0-1: Ball 1-1: SINGLE (Groundball, 56D)
|
Batting: RHB James Turner
|
0-0: SINGLE (Groundball, 6MD) Jonas van Claveren to second
|
Batting: RHB José Souza
|
0-0: Ball 1-0: Called Strike 1-1: Ball 2-1: Foul Ball, location: 2F 2-2: Foul Ball, location: 2F 2-2: Ball 3-2: Base on Balls Jonas van Claveren to third James Turner to second
|
Batting: RHB Myles Brundidge
|
0-0: Ball 1-0: Ball 2-0: SINGLE (Groundball, 6D) Jonas van Claveren scores James Turner to third José Souza to second Runner from 3rd tries for Home, SAFE, no throw
|
Batting: RHB Bill Poole
|
0-0: Ball 1-0: Grounds into double play, 6-4-3 (Groundball, 6)
|
Top of the 9th over - 2 runs, 3 hits, 0 errors, 1 left on base; Phoenix Hotspur 8 - Lannister United 1 |
BOTTOM OF THE 9TH |
Lannister United Lionhearts batting - Pitching for Phoenix Hotspur Youth : RHP Coy Mitoglou
|
Now at 1B: Tyler Kinjeketile
|
|
Now at 3B: Greg Billingsley
|
|
Batting: RHB Andy Garnet
|
0-0: Foul Ball, location: 2F 0-1: Swinging Strike 0-2: Ball 1-2: Foul Ball, location: 2F 1-2: Ball 2-2: Ball 3-2: SOLO HOME RUN (Flyball, 89XD), Distance : 398 ft
|
Batting: RHB Mareka Naidoo
|
0-0: Ball 1-0: Ball 2-0: Fly out, F8 (Flyball, 8RM)
|
Batting: RHB Víctor Murguia
|
0-0: Ball 1-0: Ball 2-0: Ball 3-0: Called Strike 3-1: Base on Balls
|
Batting: RHB Gonzalo Vásquez
|
0-0: Ground out U3 (Groundball, 3S) Víctor Murguia to second
|
Batting: SHB Gerrie Bond
|
0-0: Called Strike 0-1: Ball 1-1: Foul Ball, location: 2F 1-2: Fly out, F5 (Popup, 5F)
|
Bottom of the 9th over - 1 run, 1 hit, 0 errors, 1 left on base; Phoenix Hotspur 8 - Lannister United 2 |
|